 Dungeon Crawl Stone Soup version 0.29.0-4-gdea44cf6ec (webtiles) character file.

Game seed: 14786589496729760662

62 qw the Chopper (level 4, -3/26 HPs)
             Began as a Tengu Warper on Aug 28, 2022.
             Slain by a gnoll
             ... wielding a +0 halberd
              (5 damage)
             ... on level 3 of the Dungeon.
             The game lasted 00:00:11 (2209 turns).

qw the Chopper (Tengu Warper)                       Turns: 2209, Time: 00:00:11

Health: -3/26      AC: 15    Str: 14    XL:     4   Next: 8%
Magic:  8/8        EV:  6    Int:  8    God:
Gold:   78         SH:  0    Dex: 13    Spells: 7/7 levels left

rFire   . . .      SeeInvis +   Y - +0 hand axe
rCold   . . .      Faith    .   (no shield)
rNeg    . . .      Spirit   .   g - +7 chain mail of the Distant Future {Regen+ Int-5 SInv}
rPois   .          Reflect  .   (helmet restricted)
rElec   .          Harm     .   (no cloak)
rCorr   .          Rampage  .   (no gloves)
Will    .....                   (boots unavailable)
Stlth   ..........              (no amulet)
HPRegen 0.88/turn               (no ring)
MPRegen 0.11/turn               (no ring)

@: no status effects
A: beak, talons 3
a: no special abilities


You were on level 3 of the Dungeon.
You visited 1 branch of the dungeon, and saw 3 of its levels.

You collected 78 gold pieces.


Innate Abilities, Weirdness & Mutations

You have a beak for a mouth.
You have claws for feet.


   Skills:
 - Level 2.0 Fighting
 + Level 4.7 Axes
 - Level 1.0 Throwing
 - Level 1.1 Armour
 - Level 2.1 Dodging
 - Level 2.0 Spellcasting
 - Level 2.4 Translocations


You had 7 spell levels left.
You didn't know any spells.
Your spell library contained the following spells:

 Spells                   Type           Power      Damage    Failure   Level
 Blink                    Tloc           8%         N/A       99%         2
 Gell's Gravitas          Tloc           4%         N/A       100%        3
 Lesser Beckoning         Tloc           4%         N/A       100%        3
 Teleport Other           Tloc           4%         N/A       100%        3
 Manifold Assault         Tloc           4%         N/A       100%        5

Inventory:

Hand Weapons
 l - a +0 club
 Y - a +0 hand axe (weapon)
Armour
 g - the +7 chain mail of the Distant Future (worn) {Regen+ Int-5 SInv}
   (You found it on level 2 of the Dungeon)

   Int:       It affects your intelligence (-5).
   SInv:      It lets you see invisible.
   Regen:     It increases your rate of health regeneration.
Scrolls
 a - a scroll of identify
Potions
 d - a potion of ambrosia {unknown}
 f - a potion of cancellation
 i - a potion of lignification {unknown}
 j - a potion of haste {unknown}

Dungeon Overview and Level Annotations

Branches:
Dungeon (3/15)

Altars:
Xom


Message History

You hit the dart slug.
The dart slug is lightly wounded.
The dart slug bites you but does no damage.
You hit the dart slug. You claw the dart slug.
You kill the dart slug!
A gnoll comes into view. It is wielding a +0 halberd.
Found 7 stones.
The gnoll shouts!
You hear a shout!
You see here a dart slug corpse.
The gnoll hits you but does no damage.
A gnoll comes into view. It is wielding a +0 whip.
You closely miss the gnoll. The gnoll hits you with a +0 halberd.
You hit the gnoll.
The gnoll is moderately wounded.
The gnoll barely misses you.
You hit the gnoll but do no damage. You claw the gnoll, but do no damage.
You peck the gnoll.
The gnoll is severely wounded.
The gnoll hits you with a +0 halberd!
A gnoll comes into view. It is wielding a +0 halberd.
The gnoll hits you but does no damage.
The gnoll shouts!
You hit the gnoll.
You kill the gnoll!
The gnoll hits you but does no damage.
You have reached level 4!
You feel stronger. The gnoll barely misses you.
You hit the gnoll. You claw the gnoll, but do no damage.
The gnoll is lightly wounded.
You hit the gnoll.
The gnoll is severely wounded.
You closely miss the gnoll. The gnoll barely misses you.
The gnoll hits you with a +0 halberd!
You completely miss the gnoll. Your kick misses the gnoll.
The gnoll is severely wounded.
You hit the gnoll but do no damage. The gnoll hits you with a +0 whip.
The gnoll hits you from afar with a +0 halberd.
You die...

~~~~~~~~~~...
~~~~~~~~~~...... .
.......(......
..###.....#.....#
...............^ .
...g....##..###.#
#.g...........
#g@.%##.......
##.!.........~~
.##.......#...~~~
.......<#.....~~7
...##..........~~~
.................~~
...................
...................
................


You could see 3 gnolls.

Vanquished Creatures
  A gnoll (D:3)
  An adder (D:2)
  2 worms (D:2)
  A dart slug (D:3)
  3 bats (D:1)
  2 endoplasms (D:1)
  2 giant cockroaches (D:1)
  4 goblins
  4 hobgoblins
  2 jackals (D:2)
  A kobold (D:2)
  3 quokkas (D:2)
  2 ball pythons
  A frilled lizard (D:1)
  5 rats (D:1)
34 creatures vanquished.

Vanquished Creatures (others)
  4 plants (D:1)
4 creatures vanquished.

Grand Total: 38 creatures vanquished

Notes
Turn   | Place    | Note
-------+----------+-------------------------------------------
     0 | D:1      | qw the Tengu Warper began the quest for the Orb.
     0 | D:1      | Reached XP level 1. HP: 12/12 MP: 4/4
     0 | D:1      | 0 ||| qw: Version: 0.1-a-89-g26bdef1
     0 | D:1      | 0 ||| qw: Game counter: 1874
     0 | D:1      | 0 ||| qw: Always use a shield: true
     0 | D:1      | 0 ||| qw: God list: Okawaru
     0 | D:1      | 0 ||| qw: Allow faded altars: false
     0 | D:1      | 0 ||| qw: Do Orc after D:15 true
     0 | D:1      | 0 ||| qw: Do second Lair branch before Depths: true
     0 | D:1      | 0 ||| qw: Lair rune preference: random
     0 | D:1      | 0 ||| qw: Plans: Normal
     0 | D:1      | 0 ||| PLANNING D:1-11
    91 | D:1      | Found a faded altar of an unknown god.
   211 | D:1      | Reached skill level 3 in Axes
   211 | D:1      | Reached XP level 2. HP: 17/17 MP: 6/6
   794 | D:1      | 794 ||| Stepping ~*~*~tactically~*~*~ (stealth).
   795 | D:1      | 795 ||| Stepping ~*~*~tactically~*~*~ (stealth).
   961 | D:1      | 961 ||| DROPPING amulet of faith.
   962 | D:1      | 962 ||| READING 3 scrolls labelled ITAOKHIONO.
   963 | D:1      | 963 ||| READING scroll labelled CUGUJYU TILUC.
   964 | D:1      | 964 ||| READING 2 scrolls labelled OLEYDGHI CIUREMM.
   965 | D:1      | 965 ||| READING scroll labelled HOUHIU VAAST.
   966 | D:1      | 966 ||| DRINKING 2 metallic blue potions.
   967 | D:1      | 967 ||| DROPPING 2 scrolls of fog.
   968 | D:1      | 968 ||| DROPPING scroll of blinking.
   969 | D:1      | 969 ||| DROPPING scroll of vulnerability.
  1182 | D:2      | HP: 3/17 [worm (8)]
  1184 | D:2      | Reached XP level 3. HP: 3/21 MP: 7/7
  1722 | D:2      | Identified the +7 chain mail of the Distant Future {Regen+
                  | Int-5 SInv}
  1743 | D:2      | Reached skill level 4 in Axes
  1773 | D:2      | 1773 ||| Stepping ~*~*~tactically~*~*~ (stealth).
  1805 | D:2      | Found a shimmering altar of Xom.
  2041 | D:2      | 2041 ||| Stepping ~*~*~tactically~*~*~ (stealth).
  2042 | D:2      | 2042 ||| Stepping ~*~*~tactically~*~*~ (stealth).
  2155 | D:2      | 2155 ||| UPGRADING to +7 chain mail of the Distant Future
                  | {Regen+ Int-5 SInv}.
  2165 | D:2      | 2165 ||| DROPPING +0 leather armour.
  2166 | D:2      | 2166 ||| READING 3 scrolls labelled AVVIOSAA EMED.
  2167 | D:2      | 2167 ||| READING scroll labelled XELODI FERPH.
  2172 | D:2      | 2172 ||| READING scroll labelled HAUX JUGIRA.
  2173 | D:2      | 2173 ||| READING 2 scrolls of identify.
  2173 | D:2      | 2173 ||| IDENTIFYING purple potion
  2174 | D:2      | 2174 ||| DROPPING potion of degeneration.
  2206 | D:3      | Reached XP level 4. HP: 13/26 MP: 8/8
  2208 | D:3      | HP: 4/26 [gnoll/+0 halberd (11)]
  2209 | D:3      | Slain by a gnoll

Levels and vault maps discovered:
D:1:      amcnicky_arrival_feature_with_door, layout_basic,
          shapermc_ecumenical_altar_rom_forum, chequers_serial_rivers_micro_b,
          chequers_big_river
D:2:      layout_basic, basic_altar
D:3:      layout_rooms, lemuel_tele_altar, elyvilon_altar_3,
          gammafunk_ghost_gnarly_gnolls, minmay_goblin_kobold_house

Skill      XL: |  1  2  3 |
---------------+----------+-----
Axes           | 3 4 |  4.7
Fighting       | |  2.0
Throwing       | |  1.0
Armour         | |  1.1
Dodging        | |  2.1
Spellcasting   | |  2.0
Translocations | |  2.4

Action                   |  1- 3 |  4- 6 || total
-------------------------+-------+-------++-------
Melee: Hand axe          |    66 |     3 ||    69
       Kick              |    19 |     1 ||    20
       Peck              |    14 |       ||    14
Throw: Boomerang         |     7 |       ||     7
  Use: Scroll            |     8 |       ||     8
       Potion            |     1 |       ||     1
Armor: Leather armour    |     9 |       ||     9
       Chain mail        |     6 |       ||     6
Dodge: Dodged            |    21 |     2 ||    23

Table legend:
 A = Non-vault XP
 B = Vault XP
 C = Vault XP percentage of total XP
 D = Non-vault monster count
 E = Vault monster count
 F = Vault count percentage of total count
                 A         B        C        D         E       F
            +---------+---------+-------+---------+---------+-------
      Total |      89 |       0 |   0.0 |      34 |       0 |   0.0
            +---------+---------+-------+---------+---------+-------
        D:1 |      27 |       0 |   0.0 |      18 |       0 |   0.0
        D:2 |      42 |       0 |   0.0 |      13 |       0 |   0.0
        D:3 |      20 |       0 |   0.0 |       3 |       0 |   0.0
            +---------+---------+-------+---------+---------+-------
